[Event "Late-Titled-Tuesday-Blitz-June-18-2024"]
[Site "Chess.com"]
[Date "2024.06.18"]
[Round "6"]
[White "ChEsper99"]
[Black "noblerone"]
[Result "1/2-1/2"]
[WhiteElo "2268"]
[BlackElo "2532"]
[TimeControl "180+1"]
[EndTime "15:09:56 PDT"]
[Termination "Game drawn by repetition"]

1. Nf3 d5 2. g3 Nf6 3. Bg2 Bf5 4. O-O c6 5. d4 e6 6. Bf4 h6 7. c3 Nbd7 8. Nbd2 Be7 9. Qb3 Qb6 10. Ne5 O-O 11. Nxd7 Nxd7 12. e4 Bg6 13. Rfe1 Rfe8 14.
exd5 cxd5 15. Nf3 Be4 16. Ne5 Nxe5 17. Bxe4 Ng4 18. Bd3 Rec8 19. h3 Nf6 20. Qxb6 axb6 21. a3 Ne8 22. Bd2 Bd6 23. Kg2 Bf8 24. Kf3 Nd6 25.
Bf4 Nc4 26. Bxc4 Rxc4 27. g4 b5 28. Rad1 Be7 29. Bd2 Bf6 30. Bf4 Rc6 31. Be5 Be7 32. Kg2 Bh4 33. Bg3 Bxg3 34. Kxg3 Re8 35. f4 Kf8 36.
Re2 Rcc8 37. h4 f6 38. Rde1 Kf7 39. f5 Rc6 40. h5 Rd6 41. Kf4 Rc6 42. fxe6+ Rcxe6 43. Rxe6 Rxe6 44. Rxe6 Kxe6 45. b3 Ke7 46. Kf5 Kf7 47.
a4 bxa4 48. bxa4 b6 49. Kf4 Ke6 50. Kg3 Ke7 51. Kf4 Ke8 52. Kf5 Kf7 53. Kf4 Ke6 54. Kf3 f5 55. Kf4 fxg4 56. Kxg4 Kf6 57. Kf4 Ke6 58. Kg4 Kf6 59. Kf4 Ke6 60. Kg4 1/2-1/2

[Event "Late-Titled-Tuesday-Blitz-June-18-2024"]
[Site "Chess.com"]
[Date "2024.06.18"]
[Round "6"]
[White "Kaustubh_Kodihalli"]
[Black "CrushingKings"]
[Result "1/2-1/2"]
[WhiteElo "2389"]
[BlackElo "2631"]
[TimeControl "180+1"]
[EndTime "15:09:58 PDT"]
[Termination "Game drawn by repetition"]

1. e4 g6 2. d4 Bg7 3. Nc3 c6 4.
f4 d5 5. e5 Nh6 6. Nf3 O-O 7.
Bd3 Bg4 8. h3 Bxf3 9. Qxf3 f6 10. exf6 Bxf6 11. Be3 e5 12. dxe5 Bxe5 13. Qe2 Qh4+ 14.
Bf2 Qxf4 15. g3 Qf6 16. O-O Nd7 17. Bc5 Bd4+ 18. Kh2 Bxc5 19. Rxf6 Rxf6 20. Kh1 Raf8 21. Re1 Nf7 22. Rf1 Rxf1+ 23. Qxf1 Ng5 24. Qe2 Rf2 25. Qe8+ Nf8 26. Nd1 Rd2 27. Ne3 Nf3 28. Nf1 Rf2 29. Be2 Ng5 30. h4 Ne4 31. Bd3 Nf6 32. Qe5 Ng4 33. Qe1 Rf6 34. b4 Bd6 35. b5 Bc5 36. bxc6 bxc6 37. Qc3 Bb6 38. Be2 Nf2+ 39. Kg2 Ne4 40.
Qe5 Rf2+ 41. Kh3 Rxe2 42. Qb8 Nf2+ 43. Kg2 Ng4+ 44. Kf3 Rf2+ 45. Kxg4 Rxf1 46. Qd6 Rf7 47. Qxc6 Rd7 48. Qc8 d4 49. h5 gxh5+ 50. Kxh5 Rd5+ 51.
Kg4 Rd6 52. Kh3 Rg6 53. Qe8 Kg7 54. Qe4 Ne6 55. Qb7+ Kh6 56. Qe7 Ng5+ 57. Kh2 Nf3+ 58. Kh3 Ng5+ 59. Kh2 Ne6 60. Kh3 Ng5+ 1/2-1/2

[Event "Late-Titled-Tuesday-Blitz-June-18-2024"]
[Site "Chess.com"]
[Date "2024.06.18"]
[Round "6"]
[White "Hikaru"]
[Black "Msb2"]
[Result "1/2-1/2"]
[WhiteElo "3291"]
[BlackElo "3077"]
[TimeControl "180+1"]
[EndTime "15:10:00 PDT"]
[Termination "Game drawn by repetition"]

1. b3 d5 2. Bb2 e6 3. e3 Nf6 4.
Nf3 Bd6 5. c4 O-O 6. d4 b6 7.
cxd5 exd5 8. Ba3 Bxa3 9. Nxa3 c5 10. Be2 Nc6 11. Rc1 Qe7 12. Nb1 Bg4 13. O-O Rac8 14. dxc5 bxc5 15. h3 Bh5 16. Nc3 Rfd8 17. g4 d4 18. exd4 Nxd4 19. Nxd4 cxd4 20. gxh5 dxc3 21. Qe1 Qe5 22. Bc4 Qg5+ 23. Kh1 Nd5 24. Qe4 Qxh5 25. Kh2 Nf6 26. Qf4 Nd5 27. Qg3 Rc6 28.
Rfd1 h6 29. Bxd5 Rxd5 30. Rxd5 Qxd5 31. Rxc3 Rg6 32. Rd3 Qb7 33. Qf3 Qc7+ 34. Kh1 Kh7 35. Rd1 Qe5 36. Rg1 Rf6 37. Qg3 Qxg3 38. fxg3 Rf2 39.
Rg2 Rf1+ 40. Kh2 f5 41. Rc2 Ra1 42. Kg2 Kg6 43. Rc6+ Kg5 44. Ra6 Rc1 45. h4+ Kh5 46.
Rxa7 g5 47. hxg5 hxg5 48. Ra4 Rc2+ 49. Kf3 Rc3+ 50. Kf2 Rc2+ 51. Kf3 Rc3+ 52. Kg2 Rc2+ 53. Kg1 g4 54. Rf4 Rxa2 55. Rxf5+ Kg6 56. Rf4 Kg5 57. b4 Rb2 58. Rc4 Rb3 59. Kf2 Rb2+ 60. Ke3 Rb3+ 61.
Kf2 Rb2+ 62. Ke1 Rb3 63. Kf2 1/2-1/2

[Event "Late-Titled-Tuesday-Blitz-June-18-2024"]
[Site "Chess.com"]
[Date "2024.06.18"]
[Round "6"]
[White "CheckBits"]
[Black "aranibos"]
[Result "1-0"]
[WhiteElo "2397"]
[BlackElo "2268"]
[TimeControl "180+1"]
[EndTime "15:10:03 PDT"]
[Termination "CheckBits won on time"]

1. e4 c5 2. Nf3 d6 3. c3 a6 4. d4 Nd7 5. Bd3 Qc7 6. O-O e6 7. Re1 Be7 8. Nbd2 Ngf6 9. h3 O-O 10. e5 dxe5 11. dxe5 Nd5 12. Nf1 c4 13. Bc2 g6 14.
Bh6 Rd8 15. Qe2 b5 16. h4 Bb7 17. h5 Bf8 18. Bxf8 Nxf8 19. Ng3 Nf4 20. Qe3 Nd3 21. Qg5 Bxf3 22. gxf3 Nxe1 23. Rxe1 Rd7 24. hxg6 fxg6 25. Ne4 Rf7 26. Nf6+ Rxf6 27. exf6 Qf7 28. a4 Rb8 29. Qe5 Nd7 30. Qc7 Rf8 31. Qd6 Nxf6 32. Qxe6 Nh5 33. Qxf7+ Rxf7 34. Re8+ Kg7 35. Be4 bxa4 36. Rc8 Nf4 37.
Rxc4 Rd7 38. Rxa4 Rd1+ 39. Kh2 g5 40. Rxa6 Rd2 41. b4 Rxf2+ 42. Kg1 Rg2+ 43. Kf1 Rb2 44.
Rb6 h5 45. c4 h4 46. Bf5 h3 47. Bxh3 Nxh3 48. c5 Rf2+ 49. Ke1 Rxf3 50. c6 Rc3 51. Rb7+ Kf6 52. b5 g4 53. Rb8 g3 54. Kd2 Rb3 55. c7 g2 56. c8=Q g1=Q 57. Qf8+ Ke5 58. Re8+ Kd4 59. Qd6+ Kc4 60. Re4+ 1-0

[Event "Late-Titled-Tuesday-Blitz-June-18-2024"]
[Site "Chess.com"]
[Date "2024.06.18"]
[Round "6"]
[White "FairChess_on_YouTube"]
[Black "Chopper1905"]
[Result "1/2-1/2"]
[WhiteElo "3097"]
[BlackElo "2919"]
[TimeControl "180+1"]
[EndTime "15:10:04 PDT"]
[Termination "Game drawn - insufficient material"]

1. c4 e5 2. Nc3 Nf6 3. e3 Bb4 4. Nge2 O-O 5. a3 Be7 6. g3 c6 7. d4 exd4 8. Qxd4 b5 9. Bg2 Bb7 10. O-O c5 11. Qd3 Bxg2 12. Kxg2 bxc4 13. Qxc4 d5 14.
Qd3 Qd7 15. b4 c4 16. Qc2 Nc6 17. Rd1 Qb7 18. b5 d4 19. bxc6 Qxc6+ 20. Kg1 dxc3 21. Nxc3 Rfd8 22. Bb2 h5 23. Ne2 Qe4 24. Rxd8+ Rxd8 25. Rc1 h4 26. Bxf6 Qxc2 27. Rxc2 Bxf6 28. Rxc4 h3 29. Nd4 Rb8 30. Kf1 Rb1+ 31. Ke2 Bxd4 32. exd4 Rh1 33. Kf3 Rxh2 34. Rc1 Kf8 35. Re1 f5 36. d5 g5 37. Re5 g4+ 38. Ke3 Rh1 39. Rxf5+ Ke7 40. Kf4 Rf1 41. Rh5 Rxf2+ 42. Kxg4 h2 43.
Rh6 a5 44. a4 Kd7 45. Kg5 Rd2 46. Kf4 Rxd5 47. Rxh2 Rd4+ 48. Kf5 Rxa4 49. Re2 Ra1 50. g4 Rf1+ 51. Kg6 a4 52. g5 Kc6 53. Kg7 Rg1 54. g6 Kc5 55. Kh7 Kb4 56. g7 Rxg7+ 57. Kxg7 a3 58. Kf6 Kb3 59. Re1 a2 60. Re3+ Kb2 61.
Re2+ Kb1 62. Rxa2 Kxa2 1/2-1/2

[Event "Late-Titled-Tuesday-Blitz-June-18-2024"]
[Site "Chess.com"]
[Date "2024.06.18"]
[Round "6"]
[White "ChessSG1"]
[Black "Nicolik"]
[Result "1-0"]
[WhiteElo "2501"]
[BlackElo "2627"]
[TimeControl "180+1"]
[EndTime "15:10:04 PDT"]
[Termination "ChessSG1 won by resignation"]

1. c4 e5 2. g3 c6 3. Nf3 e4 4. Nd4 d5 5. d3 dxc4 6. dxe4 Bc5 7. Be3 Nf6 8. f3 O-O 9. Nc3 Qe7 10. Qd2 Rd8 11.
O-O-O Na6 12. Nxc6 Rxd2 13. Nxe7+ Bxe7 14. Rxd2 Be6 15. g4 Nc7 16. g5 Nh5 17. Nd5 Bd8 18. Bg2 Nb5 19. Rhd1 Ba5 20. Nc3 Nxc3 21. bxc3 g6 22. Kb2 b5 23. a3 Bc7 24. e5 a5 25. f4 Rb8 26. Ba7 Rc8 27. Bb7 Rf8 28. Bc5 Rb8 29.
e3 Bg4 30. Rg1 Be6 31. Bf3 Ng7 32. Bd6 Bxd6 33. exd6 Nf5 34. e4 Nh4 35. Bh1 Kf8 36. e5 Nf5 37. Be4 Ne3 38. Re1 Nf5 39. Bxf5 Bxf5 40.
Rd5 Ke8 41. Red1 Bd7 42. Rc5 Rb6 43. Rdd5 Rb8 44. Rc7 Kd8 45. Rdc5 Be6 46. h4 Bd7 47. Kc1 Be6 48. Kd2 Bd7 49. Ke3 Be6 50. Kd4 Bd7 51. Ra7 b4 52. axb4 axb4 53. cxb4 Rxb4 54. Rxc4 Rb8 55. Rcc7 Be6 56. Rxf7 Rb4+ 57. Kc5 Rc4+ 58.
Kb5 Bxf7 59. Rxf7 Rd4 60. Kc6 Rc4+ 61. Kd5 Ra4 62. Ke6 Kc8 63. Rf8+ Kb7 64. d7 1-0

[Event "Late-Titled-Tuesday-Blitz-June-18-2024"]
[Site "Chess.com"]
[Date "2024.06.18"]
[Round "6"]
[White "ToddBryant"]
[Black "tortorchess"]
[Result "1-0"]
[WhiteElo "2373"]
[BlackElo "2210"]
[TimeControl "180+1"]
[EndTime "15:10:06 PDT"]
[Termination "ToddBryant won by checkmate"]

1. e4 c5 2. Nf3 Nc6 3. d4 cxd4 4.
Nxd4 e5 5. Nb5 d6 6. N1c3 a6 7. Na3 b5 8. Nd5 Nf6 9. Bg5 Be7 10. Bxf6 Bxf6 11. c4 b4 12. Nc2 a5 13. Be2 O-O 14. O-O Be6 15. a3 Bg5 16. axb4 Bxd5 17. Qxd5 Nxb4 18. Nxb4 axb4 19. Rxa8 Qxa8 20. Rd1 Qa2 21.
c5 Qxb2 22. Bc4 dxc5 23. g3 h6 24. h4 Bf6 25. Qxc5 Qc3 26. Qd5 Qf3 27. Rd3 Qg4 28. Kh2 Qh5 29. Kg2 Qg4 30. Kh2 Qh5 31. Re3 g5 32.
Be2 Qg6 33. h5 Qg7 34. g4 Be7 35. Bc4 Rd8 36. Qb7 Qf6 37. Kg2 Rd2 38. Rf3 Qd6 39. Rxf7 Kh8 40. Qxe7 Qxe7 41. Rxe7 Rd4 42. Bd5 Rd3 43.
Rxe5 b3 44. Re8+ Kg7 45. Rb8 Kf6 46. Rxb3 Ke5 47. Rxd3 Kf4 48. Rf3+ Ke5 49. Rf5+ Kd6 50. Rf6+ Ke5 51. Rxh6 Kf4 52. Rf6+ Ke5 53. Rf5+ Kd4 54. Rxg5 Kc5 55. f3 Kd6 56. Kg3 Kc5 57. Kf4 Kd4 58.
h6 Kd3 59. e5 Ke2 60. Ke4 Kf2 61. f4 Kg3 62. Rg7 Kh4 63. g5 Kg4 64. Bf7 Kg3 65. Bg6 Kg2 66. f5 Kg3 67. Rb7 Kg4 68. h7 Kg3 69.
Bh5 Kh4 70. Kf4 Kh3 71. g6 Kh4 72. g7 Kh3 73. Kg5 Kg3 74. f6 Kh3 75. e6 Kg3 76. e7 Kh3 77. f7 Kg3 78. Bd1 Kh3 79. Ba4 Kg3 80. Kf6 Kh3 81. Ke5 Kg3 82. Kd4 Kh3 83. Rd7 Kg3 84. Kc4 Kf2 85. f8=Q+ Ke2 86. e8=Q# 1-0

[Event "Late-Titled-Tuesday-Blitz-June-18-2024"]
[Site "Chess.com"]
[Date "2024.06.18"]
[Round "6"]
[White "Losingexperience"]
[Black "ncofre98"]
[Result "1-0"]
[WhiteElo "2740"]
[BlackElo "2558"]
[TimeControl "180+1"]
[EndTime "15:10:07 PDT"]
[Termination "Losingexperience won by resignation"]

1. e4 c5 2. Nf3 d6 3. d4 cxd4 4. Qxd4 Nf6 5. Bb5+ Bd7 6. Nc3 Bxb5 7. Nxb5 Qa5+ 8. Nc3 Nc6 9. Qd3 g6 10. O-O Bg7 11. Bg5 O-O 12. Bxf6 Bxf6 13. Nd5 Bg7 14. c3 e6 15. Ne3 Rad8 16. Nd4 a6 17. a4 Qc5 18. b4 Qa7 19. Nxc6 bxc6 20. b5 axb5 21. axb5 Qc7 22. bxc6 Qxc6 23. Rac1 Rc8 24. c4 Rfd8 25. Rfd1 Qc5 26. g3 h5 27. h4 Ra8 28. Kg2 Ra3 29.
Qe2 Rb8 30. Rb1 Rxb1 31. Rxb1 Bd4 32. Rb8+ Kg7 33. Rb7 Qc6 34. Rb5 Qxe4+ 35. Qf3 Qxf3+ 36. Kxf3 Rc3 37. Rb4 Kf6 38. Ke4 Bxe3 39. fxe3 Rc1 40. Kf3 Ke5 41. Rb5+ Kf6 42. Rb6 Ke7 43. Rb7+ Ke8 44.
Rb8+ Ke7 45. Rb7+ Kf6 46. Rb6 Rd1 47. Rb7 Rd2 48. Rd7 Rc2 49. Rc7 Rc3 50. Rc6 Ke5 51. Rc7 f5 52. Rc8 d5 53. Rg8 d4 54.
Rxg6 Rxe3+ 55. Kf2 Rc3 56. Rg5 Ke4 57. Rxh5 Rc2+ 58.
Ke1 Ke3 59. Kd1 Rxc4 60. g4 e5 61. Rxf5 e4 62. h5 d3 63. Rd5 Ra4 64. Kc1 Ra2 65.
h6 Rg2 66. h7 Rh2 67. Rh5 Rg2 68. h8=Q 1-0

[Event "Late-Titled-Tuesday-Blitz-June-18-2024"]
[Site "Chess.com"]
[Date "2024.06.18"]
[Round "6"]
[White "Beaterawn"]
[Black "carloseduar100"]
[Result "1-0"]
[WhiteElo "2378"]
[BlackElo "2247"]
[TimeControl "180+1"]
[EndTime "15:10:08 PDT"]
[Termination "Beaterawn won by checkmate"]

1. d4 d5 2. Nc3 Nf6 3. Bf4 Bf5 4. f3 e6 5. g4 Bg6 6. h4 h5 7. g5 Nfd7 8. e3 c5 9. Bd3 Bxd3 10. Qxd3 c4 11. Qd2 a6 12. Nge2 Nc6 13. e4 Bb4 14.
exd5 exd5 15. Qe3+ Qe7 16. Qxe7+ Nxe7 17. O-O-O b5 18.
a3 Bxc3 19. Nxc3 Nb6 20. Bd6 Kd7 21. Bc5 Nbc8 22. Rhe1 g6 23. Re5 Nf5 24. Nxd5 Nxh4 25. Nf6+ Kc6 26. b4 cxb3 27. cxb3 Nxf3 28. Re3 Nxg5 29. b4 Rd8 30. d5+ Kb7 31. d6 Ne6 32. d7 Nb6 33. Be7 Nc4 34. Rg3 Kc6 35. Bxd8 Rxd8 36. Rf3 Ne5 37. Rc3+ Nc4 38. a4 h4 39. a5 Rh8 40. Ne8 h3 41. Rd6+ Kb7 42. Rxe6 h2 43.
Re1 h1=Q 44. Rxh1 Rxh1+ 45. Kc2 Rh2+ 46. Kc1 Rd2 47. Rxc4 Rxd7 48. Rf4 Kc6 49. Nf6 Rd3 50. Ne4 f5 51. Nc5 Rc3+ 52. Kd2 Rc4 53. Rxc4 bxc4 54. Kc3 Kb5 55. Ne6 Kc6 56. Kxc4 Kd6 57. Nd4 f4 58. b5 axb5+ 59. Kxb5 Kc7 60. a6 Kb8 61. Kb6 f3 62. a7+ Ka8 63. Nb5 f2 64.
Nc7# 1-0

[Event "Late-Titled-Tuesday-Blitz-June-18-2024"]
[Site "Chess.com"]
[Date "2024.06.18"]
[Round "6"]
[White "AlejandroArias"]
[Black "AleksandraMilovic"]
[Result "1/2-1/2"]
[WhiteElo "2373"]
[BlackElo "2052"]
[TimeControl "180+1"]
[EndTime "15:10:09 PDT"]
[Termination "Game drawn - insufficient material"]

1. d4 Nf6 2. Bf4 c6 3. c4 d5 4. e3 e6 5. Nc3 Be7 6. Nf3 O-O 7.
Bd3 Nbd7 8. O-O dxc4 9. Bxc4 b5 10. Bd3 a6 11. Qe2 Bb7 12. a3 c5 13. Rfd1 cxd4 14.
exd4 Rc8 15. Ne5 Nb6 16. Bg5 Nfd5 17. Bd2 Bg5 18. Bxg5 Qxg5 19. Ne4 Qh4 20. Nd6 Nf4 21. Qg4 Qxg4 22. Nxg4 Rc7 23. Nxb7 Nxd3 24. Rxd3 Rxb7 25. Rc1 Rbb8 26. Rdc3 Rfc8 27. Rc6 Rxc6 28. Rxc6 Rc8 29. Ne5 Rxc6 30. Nxc6 Nc4 31. Nb4 a5 32. Nd3 Kf8 33. Kf1 Ke7 34. Ke2 Kd6 35. Nc5 Nxb2 36. Nb7+ Kd5 37. Nxa5 Kxd4 38. Nc6+ Kc3 39. Nd8 Kb3 40. Nxf7 Kxa3 41. Ng5 Nc4 42. Nxe6 b4 43. Nd4 b3 44. Nxb3 Kxb3 45. Kd3 Kb4 46. f4 Kc5 47. Ke4 Kd6 48.
g4 Ke7 49. f5 Kf6 50. Kf4 h6 51. h4 Nd6 52. g5+ hxg5+ 53. hxg5+ Kf7 54. Ke5 Ne8 55. Kf4 Nc7 56. Ke5 Nb5 57. f6 gxf6+ 58.
gxf6 Nc7 59. Kf5 Nb5 60. Kg4 Nc7 61. Kg3 Nd5 62. Kf2 Nxf6 1/2-1/2

[Event "Late-Titled-Tuesday-Blitz-June-18-2024"]
[Site "Chess.com"]
[Date "2024.06.18"]
[Round "6"]
[White "Dr_troll"]
[Black "sansanathalia"]
[Result "1-0"]
[WhiteElo "2656"]
[BlackElo "2457"]
[TimeControl "180+1"]
[EndTime "15:10:13 PDT"]
[Termination "Dr_troll won on time"]

1. c4 Nf6 2. Nc3 e6 3. Nf3 d5 4.
e3 Be7 5. b3 O-O 6. Bb2 b6 7.
Be2 Bb7 8. O-O Nbd7 9. Rc1 c5 10. Qc2 Rc8 11. cxd5 Nxd5 12. Qb1 Qc7 13. Ne4 Rfd8 14. Neg5 N5f6 15. Bb5 Bc6 16. Bxc6 Qxc6 17. Ne5 Nxe5 18.
Bxe5 Rxd2 19. Bxf6 Bxf6 20. Qxh7+ Kf8 21. Ne4 Rd5 22.
Rfd1 Rcd8 23. Rxd5 Qxd5 24. h3 Ke7 25. Nxf6 gxf6 26.
Qc2 Rg8 27. f4 Qf3 28. Re1 Qxh3 29. Qd2 Qf5 30. Rd1 Kf8 31. Qf2 Qe4 32. Rd8+ Kg7 33.
Qg3+ Qg6 34. Qxg6+ fxg6 35. Rd7+ Kh6 36. Rxa7 Rd8 37.
Kf2 Rd2+ 38. Kf3 Rd6 39. Rb7 f5 40. g4 g5 41. gxf5 exf5 42. a4 Kg6 43. fxg5 Kxg5 44. Ra7 Kf6 45. Ra6 Re6 46. Kf4 Re4+ 47. Kf3 Re6 48. a5 bxa5 49. Rxa5 Rc6 50. Rb5 Ke6 51. Kf4 Kf6 52. Ra5 Ke6 53. Rb5 c4 54. Re5+ Kd6 55.
Rxf5 cxb3 56. Rb5 Rc3 57. e4 Kc6 58. Rb8 Kc7 59. Rb4 Kd7 60. Kf5 Ke7 61. Rb7+ Kd6 62. e5+ Kc6 63. Rb8 Kc7 64. Rb4 Kd7 65. e6+ Ke8 66. Ke5 Re3+ 67. Kd5 Rd3+ 68. Kc4 Re3 69. Kd5 Rd3+ 70. Kc6 Re3 71. Kd6 Rd3+ 72. Kc5 Rc3+ 73.
Kd4 Rf3 74. Ke4 Rh3 75. Rb7 1-0

[Event "Late-Titled-Tuesday-Blitz-June-18-2024"]
[Site "Chess.com"]
[Date "2024.06.18"]
[Round "6"]
[White "Good_Knight_Kiss"]
[Black "JackRodgers"]
[Result "0-1"]
[WhiteElo "2381"]
[BlackElo "2563"]
[TimeControl "180+1"]
[EndTime "15:10:13 PDT"]
[Termination "JackRodgers won on time"]

1. e4 c5 2. Nf3 g6 3. d4 cxd4 4. Qxd4 Nf6 5. e5 Nc6 6. Qa4 Nd5 7. Qe4 Nb6 8. Nc3 Bg7 9. Bf4 d6 10. exd6 Bf5 11. Qe3 O-O 12. O-O-O Rc8 13. Bh6 exd6 14. Bxg7 Kxg7 15. h4 Re8 16. Qd2 h5 17. Qxd6 Qxd6 18. Rxd6 Nb4 19. Bb5 Re7 20. Nd4 Nc4 21. Nxf5+ gxf5 22. Rd4 Rec7 23. Re1 a5 24. g3 Nxb2 25. Kxb2 Rxc3 26.
Bd3 Nxd3+ 27. cxd3 Rc2+ 28. Kb3 Rxf2 29. Re5 Rcc2 30.
Rxa5 Rb2+ 31. Kc4 Rxa2 32. Rb5 Ra4+ 33. Kd5 Rxd4+ 34. Kxd4 Rf3 35. Kc4 Rxg3 36. Rxf5 Rg4+ 37. d4 Rxh4 38. Kc5 Kg6 39. Rf1 Rh2 40. d5 Rd2 41. d6 f5 42. Rg1+ Kf6 43. Rh1 Ke6 44.
Rxh5 Rc2+ 45. Kb6 Rc6+ 46. Kxb7 Rxd6 47. Kc7 Rd1 48. Rh6+ Ke5 49. Kc6 f4 50. Rh5+ Ke4 51. Rh8 f3 52. Re8+ Kf4 53. Rf8+ Kg3 54. Rg8+ Kf2 55. Kc5 Kf1 56. Kc4 f2 57. Kc3 Rd7 58.
Rf8 Rg7 59. Kd2 Kg1 60. Ke2 Re7+ 61. Kd2 f1=Q 62. Rg8+ Qg2+ 63. Rxg2+ Kxg2 64. Kd3 Kf3 0-1

[Event "Late-Titled-Tuesday-Blitz-June-18-2024"]
[Site "Chess.com"]
[Date "2024.06.18"]
[Round "6"]
[White "Legit"]
[Black "Annawel"]
[Result "1-0"]
[WhiteElo "2778"]
[BlackElo "3071"]
[TimeControl "180+1"]
[EndTime "15:10:15 PDT"]
[Termination "Legit won by resignation"]

1. d4 Nf6 2. Nf3 e6 3. c4 d5 4. g3 Be7 5. Bg2 O-O 6. O-O c6 7. Qc2 b6 8. Rd1 Ba6 9. Ne5 Nfd7 10. cxd5 cxd5 11. e4 Nxe5 12. exd5 Nd3 13. d6 Qxd6 14. Bxa8 Qxd4 15. Nc3 Nb4 16. Qa4 Qc4 17. Be3 N8c6 18. Bxc6 Qxc6 19. Qxc6 Nxc6 20. Rd7 Bf6 21. Ne4 Bxb2 22.
Rb1 Be5 23. Rc1 Nb4 24. Rxa7 Bd3 25. Ng5 Nd5 26. Nf3 Bd6 27. Bd4 h6 28. Ne5 Bxe5 29.
Bxe5 b5 30. f3 Re8 31. Kf2 Rf8 32. Rc5 b4 33. Rd7 Bg6 34. Rb7 Ra8 35. Rb8+ Rxb8 36. Bxb8 Kf8 37. Rb5 Ke7 38. Rb7+ Kd8 39. Bd6 Kc8 40.
Rb8+ Kd7 41. Bxb4 Kc7 42. Rb5 Kc6 43. Rc5+ Kb6 44. a3 Bd3 45. Rc8 Bg6 46. Rg8 Kb5 47.
Rxg7 Nxb4 48. axb4 Kxb4 49. Ke3 Kc5 50. Rg8 Kd6 51. h4 Ke7 52. g4 Kf6 53. Kf4 Bh7 54.
g5+ hxg5+ 55. hxg5+ Ke7 56. Rb8 Bc2 57. Ke5 Bg6 58.
Rb7+ Ke8 59. Kf6 Bh5 60. Re7+ Kf8 61. f4 Kg8 62. Re8+ Kh7 63. Rf8 Bg6 64. Rxf7+ Bxf7 65. Kxf7 e5 66. g6+ Kh6 67. g7 exf4 68. g8=Q Kh5 69. Qg6+ Kh4 70. Qf5 Kg3 71. Qg5+ Kf3 72. Ke6 Ke3 73. Ke5 1-0

[Event "Late-Titled-Tuesday-Blitz-June-18-2024"]
[Site "Chess.com"]
[Date "2024.06.18"]
[Round "6"]
[White "King_Deded4d5"]
[Black "Bykov_Egor"]
[Result "1-0"]
[WhiteElo "2504"]
[BlackElo "2645"]
[TimeControl "180+1"]
[EndTime "15:10:21 PDT"]
[Termination "King_Deded4d5 won by resignation"]

1. d4 Nf6 2. Nf3 e6 3. Bf4 c5 4. e3 Nc6 5. Nbd2 d5 6. c3 cxd4 7. exd4 Nh5 8. Be3 Bd6 9. Bd3 Nf4 10. Bxf4 Bxf4 11. O-O O-O 12. Re1 Qc7 13. Nf1 Bd7 14.
g3 Bd6 15. Rc1 Rac8 16. Ne3 g6 17. Ng4 f6 18. Qd2 e5 19. Nxf6+ Rxf6 20. Nxe5 Bxe5 21.
Qg5 Rcf8 22. dxe5 Rxf2 23. Bxg6 Qd8 24. Bf7+ Kxf7 25. Qxd8 Rxd8 26. Kxf2 Ke6 27. Re3 Rf8+ 28. Rf3 Rxf3+ 29. Kxf3 Nxe5+ 30. Ke3 Bb5 31. b3 h5 32.
h3 Kd6 33. Rd1 Kc5 34. Rd4 Bd7 35. Rh4 Be8 36. Rd4 a5 37. a4 b5 38. axb5 Bxb5 39.
Rh4 Be8 40. Rf4 Bg6 41. Rf8 Bc2 42. Rc8+ Nc6 43. Rh8 Bxb3 44. Rxh5 a4 45. Rh8 Kb6 46.
g4 a3 47. Ra8 a2 48. Ra3 Na5 49. Kd4 Bc4 50. g5 Nb3+ 51. Ke5 a1=Q 52. Rxa1 Nxa1 53. g6 d4 54. cxd4 Kc6 55. h4 Nc2 56. h5 Ne1 57.
h6 Nf3+ 58. Kf6 Nxd4 59. h7 Nf3 60. h8=Q Nd2 61. Qc8+ Kb5 62. Qd7+ Kb4 63. Qxd2+ Kc5 64. Qc3 1-0

[Event "Late-Titled-Tuesday-Blitz-June-18-2024"]
[Site "Chess.com"]
[Date "2024.06.18"]
[Round "6"]
[White "GMG"]
[Black "ChristopherYoo"]
[Result "1-0"]
[WhiteElo "2696"]
[BlackElo "2983"]
[TimeControl "180+1"]
[EndTime "15:10:28 PDT"]
[Termination "GMG won by checkmate"]

1. d4 d5 2. Nf3 Nf6 3. g3 e6 4. Bg2 Bd6 5. b3 O-O 6. Bb2 b6 7. c4 Bb7 8. Nc3 Nbd7 9. O-O c5 10. cxd5 Nxd5 11. Nxd5 Bxd5 12. Rc1 Qe7 13. Qd3 Nf6 14. dxc5 Bxc5 15. Ne5 Bxg2 16. Kxg2 Rac8 17. Qf3 Nd5 18. Rfd1 f6 19. Nd3 Ba3 20. e4 Bxb2 21. Rxc8 Rxc8 22. exd5 Ba3 23. dxe6 Qxe6 24. Nf4 Qf7 25. h4 Bf8 26. h5 f5 27. Rd5 g6 28. hxg6 hxg6 29. Qd3 Qf6 30.
Rd7 Qc6+ 31. Qd5+ Qxd5+ 32. Nxd5 Kh8 33. Rxa7 Rd8 34. Nf4 g5 35. Ne6 Rc8 36. Nxg5 Kg8 37. Ne6 Bh6 38. f4 Rc2+ 39. Kh3 Re2 40. Nd4 Rf2 41.
Nxf5 Bf8 42. Kg4 Rc2 43. Nh4 Rc6 44. f5 Bg7 45. Ng6 Kh7 46. Nf4 Kh6 47. Rd7 Be5 48. Re7 Bxf4 49. Kxf4 Rc2 50. Re6+ Kg7 51. Rxb6 Rxa2 52.
g4 Kf7 53. Kg5 Ra7 54. Rh6 Kg8 55. Rg6+ Kf8 56. Rb6 Rg7+ 57. Kf4 Rd7 58. b4 Rd4+ 59. Kg5 Rd7 60. b5 Ra7 61. Rc6 Rb7 62. b6 Rb8 63. Kf4 Ke7 64. g5 Kf7 65. Re6 Kg7 66.
g6 Kh6 67. Ke5 Rb7 68. Rd6 Kg5 69. g7 Re7+ 70. Re6 Rxg7 71. Rg6+ Rxg6 72. fxg6 Kxg6 73. b7 Kf7 74. b8=Q Kg6 75. Qd6+ Kg5 76. Qf8 Kg6 77. Ke6 Kh7 78. Qf3 Kg6 79. Qg4+ Kh6 80. Kf7 Kh7 81. Qh4# 1-0

[Event "Late-Titled-Tuesday-Blitz-June-18-2024"]
[Site "Chess.com"]
[Date "2024.06.18"]
[Round "6"]
[White "DanielNaroditsky"]
[Black "Mops_2004"]
[Result "1/2-1/2"]
[WhiteElo "3131"]
[BlackElo "2824"]
[TimeControl "180+1"]
[EndTime "15:10:30 PDT"]
[Termination "Game drawn by agreement"]

1. d4 g6 2. c4 Bg7 3. e4 d6 4. Nc3 e5 5. dxe5 dxe5 6. Qxd8+ Kxd8 7. Be3 Be6 8. O-O-O+ Nd7 9. Nf3 f6 10. c5 Bh6 11. Bxh6 Nxh6 12. h3 Ke7 13. c6 bxc6 14.
Nd2 Nf7 15. Bc4 a5 16. Bxe6 Kxe6 17. Na4 Nd6 18. f3 Rhb8 19. b3 Nb6 20. Nc5+ Ke7 21. f4 exf4 22. Nf3 Nf7 23. Nd3 Rd8 24. Nxf4 Rd6 25.
Rhe1 Nd7 26. Nd3 a4 27. b4 a3 28. Kc2 Nfe5 29. Nfxe5 Nxe5 30. Nxe5 fxe5 31. Kb3 Rf8 32. Kxa3 Rf2 33. Kb3 Rxg2 34. a4 Kd7 35. a5 Kc8 36. a6 Kb8 37. Rxd6 cxd6 38. Rd1 Ka7 39. Rxd6 Kxa6 40.
Rxc6+ Kb7 41. Re6 Rg3+ 42. Kc4 Rxh3 43. Rxe5 h5 44. Re7+ Kc8 45. Rg7 Rg3 46. e5 h4 47.
e6 Re3 48. Kd5 h3 49. Rh7 g5 50. b5 g4 51. b6 Rd3+ 52. Kc4 Re3 53. Kd5 g3 54.
Rxh3 g2 55. Rh8+ Kb7 56. Rg8 Re2 57. Kd6 Kxb6 58. e7 Rd2+ 59. Ke6 Re2+ 60. Kf6 Rf2+ 61.
Ke6 Re2+ 62. Kd7 Rd2+ 63. Ke8 Kc7 64. Rg3 Re2 65. Rg4 Kc6 66. Rg5 Kc7 67. Rg6 Kc8 68. Rg3 Kc7 69. Rc3+ Kd6 70. Rd3+ Kc7 71. Rd1 Kc8 72.
Rc1+ Kb7 73. Rd1 Kc7 74. Kf8 Rf2+ 75. Kg7 Re2 76. Kf8 1/2-1/2

[Event "Late-Titled-Tuesday-Blitz-June-18-2024"]
[Site "Chess.com"]
[Date "2024.06.18"]
[Round "6"]
[White "Smiechu"]
[Black "Zq1"]
[Result "0-1"]
[WhiteElo "2318"]
[BlackElo "2486"]
[TimeControl "180+1"]
[EndTime "15:10:33 PDT"]
[Termination "Zq1 won by resignation"]

1. e4 c5 2. Nf3 d6 3. d4 cxd4 4. Nxd4 Nf6 5. Nc3 Nc6 6. Be3 Ng4 7. Bb5 Nxe3 8. fxe3 Bd7 9. Bxc6 bxc6 10. O-O e6 11. e5 Be7 12. exd6 Bxd6 13. Ne4 Be7 14. Nb3 O-O 15. Nbc5 Bc8 16. Qxd8 Rxd8 17. Rfd1 Kf8 18. Kf2 f6 19. c4 a5 20. Rxd8+ Bxd8 21. Nd6 Be7 22.
Rd1 e5 23. Ke2 Rb8 24. Nxc8 Rxc8 25. Ne4 f5 26. Nd6 Rb8 27. b3 g6 28. e4 a4 29.
exf5 axb3 30. axb3 Rxb3 31. fxg6 hxg6 32. c5 Rb2+ 33.
Kf3 Rc2 34. Ne4 Bxc5 35. Rd7 Be7 36. h3 c5 37. Rc7 Ke8 38. g4 c4 39. g5 Rc1 40. h4 Kd8 41. Rc6 Kd7 42. Rxg6 c3 43. Ke3 Re1+ 44. Kd3 Rxe4 45. h5 Rg4 46. h6 Rxg5 47.
h7 Rh5 48. Rg7 Ke6 49. Kxc3 Bf6 50. Rc7 Be7 51. Rc6+ Kf5 52. Rc7 Rxh7 53. Kd3 Rh3+ 54. Ke2 Bg5 55. Rc4 e4 56. Rc8 Bf6 57. Rf8 Ke5 58. Re8+ Kf4 59. Rf8 Rh2+ 60. Kf1 Rh6 61. Kg1 Ke3 62. Ra8 Bd4 63. Ra3+ Kf4+ 64. Kg2 Rg6+ 65.
Kf1 e3 66. Ke2 Ke4 67. Ra4 Rg2+ 68. Ke1 Rb2 69. Rc4 Kf3 70. Rc1 Rh2 71. Kd1 Rh1+ 72. Kc2 Rxc1+ 73. Kd3 e2 0-1